 Dungeon Crawl Stone Soup version 0.31.0-12-g77e489cdc1 (webtiles) character file.

Game seed: 7143229957451458580

16 DemonSlayer the Digger (level 2, 0/19 HPs)
             Began as a Demonspawn Earth Elementalist on Feb 19, 2024.
             Slain by an orc
             ... wielding a +0 dagger
              (2 damage)
             ... on level 3 of the Dungeon.
             The game lasted 00:01:05 (610 turns).

DemonSlayer the Digger (DsEE)                        Turns: 610, Time: 00:01:05

Health: 0/19       AC:  2    Str:  8    XL:     2   Next: 37%
Magic:  5/5        EV: 12    Int: 15    God:
Gold:   21         SH:  0    Dex: 13    Spells: 4/5 levels left

rFire   . . .        (no weapon)
rCold   . . .        (no shield)
rNeg    . . .        a - +0 robe
rPois   .            (no helmet)
rElec   .            (no cloak)
rCorr   .            (no gloves)
SInv    .            (no boots)
Will    .....        (no amulet)
Stlth   ++           (no ring)
HPRegen 0.23/turn    (no ring)
MPRegen 0.09/turn

%: no passive effects
@: no status effects
A: claws 1
a: no special abilities


You were on level 3 of the Dungeon.
You visited 1 branch of the dungeon, and saw 3 of its levels.

You collected 21 gold pieces.

Inventory:

Armour
 a - a +0 robe (worn)
Scrolls
 d - a scroll of identify {unknown}
Potions
 b - a potion of magic
 c - a potion of ambrosia {unknown}
 e - a potion of enlightenment {unknown}


   Skills:
 + Level 1.7 Dodging
 + Level 2.2 Stealth
 + Level 2.2 Spellcasting
 + Level 1.0 Conjurations
 + Level 3.0 Earth Magic


You had 4 spell levels left.
You knew the following spells:

 Your Spells              Type           Power      Damage    Failure   Level
a - Sandblast             Erth           20%        2d7       6%          1

Your spell library contained the following spells:

 Spells                   Type           Power      Damage    Failure   Level
 Foxfire                  Conj/Fire      12%        2x1d4     17%         1
 Passwall                 Erth           10%        N/A       19%         3
 Stone Arrow              Conj/Erth      14%        3d7       28%         3
 Brom's Barrelling Bould  Conj/Erth      7%         2d3       67%         4
 Petrify                  Alch/Erth      6%         N/A       75%         4
 Plasma Beam              Fire/Air       0%         2x1d10    100%        6
 Starburst                Conj/Fire      1%         6d3       100%        6


Dungeon Overview and Level Annotations

Branches:
Dungeon (3/15)

Altars:


Innate Abilities, Weirdness & Mutations

You have sharp fingernails.


Message History

You barely miss the orc.
The orc is heavily wounded.
The orc hits you with a +0 dagger. The orc barely misses you.
You closely miss the orc.
The orc is heavily wounded.
The orc barely misses you.
You completely miss the orc wizard. The orc hits you with a +0 dagger.
You scratch the orc wizard but do no damage.
The orc barely misses you.
The orc wizard hits you with a +0 dagger.
You scratch the orc wizard but do no damage.
The orc wizard hits you with a +0 dagger.
The orc hits you with a +0 dagger.
You are too injured to fight recklessly!
You are too injured to fight recklessly!
You are too injured to fight recklessly!
You are too injured to fight recklessly!
You are too injured to fight recklessly!
You are too injured to fight recklessly!
You are too injured to fight recklessly!
You are too injured to fight recklessly!
You are too injured to fight recklessly!
You are too injured to fight recklessly!
You are too injured to fight recklessly!
You are too injured to fight recklessly!
You scratch the orc wizard.
The orc wizard is lightly wounded.
The orc hits you with a +0 dagger.
* * * LOW HITPOINT WARNING * * *
The orc wizard points at you and mumbles some strange words.
You resist with significant effort.
You scratch the orc wizard but do no damage.
The orc wizard is lightly wounded.
The orc hits you with a +0 dagger.
* * * LOW HITPOINT WARNING * * *
The orc wizard gestures wildly while chanting.
The orc wizard flickers and vanishes!
Deactivating autopickup; reactivate with Ctrl-A.
You scratch something but do no damage. The orc hits you with a +0 dagger.
You die... # #.# > #.# #. #.# .##.# ..r# oo#

#######{#
#.....o@#
#.#####.#
####.# ##
#....# .#
# #.##.#
.#
#.##.##.#
^#
#.......#
.#
####.####
.#
########.#


You could see 3 orcs and a quokka.

Vanquished Creatures
  A dart slug (D:2)
  2 endoplasms
  4 hobgoblins
  A quokka (D:1)
  A ball python (D:2)
  A bat (D:1)
  A goblin (D:2)
  2 rats (D:1)
13 creatures vanquished.

Notes
Turn   | Place    | Note
-------+----------+-------------------------------------------
     0 | D:1      | DemonSlayer the Demonspawn Earth Elementalist began the
                  | quest for the Orb.
     0 | D:1      | Reached XP level 1. HP: 13/13 MP: 3/3
   342 | D:1      | Gained mutation: You have sharp fingernails. [demonic
                  | ancestry]
   342 | D:1      | Reached XP level 2. HP: 19/19 MP: 3/5
   466 | D:2      | Reached skill level 3 in Earth Magic
   610 | D:3      | Slain by an orc

Illustrated notes

Levels and vault maps discovered:
D:1:      onia_arrival_mini_spirals, layout_loops_corners,
          minmay_gold_behind_fungi
D:2:      layout_basic, serial_shops, shop, basic_altar, minmay_misc_feat_five,
          nrook_loot_triangle, minmay_misc_feat_four_crosses,
          kennysheep_generic_room_5
D:3:      layout_loops_cross, minmay_misc_feat_rows, kennysheep_doodads,
          uniq_natasha

Skill      XL: |  1  2 |
---------------+-------+-----
Stealth        | 2 |  2.2
Earth Magic    | 3 |  3.0
Dodging        | |  1.7
Spellcasting   | |  2.2
Conjurations   | |  1.0

Action                     || total
---------------------------++-------
  Melee: Unarmed           ||    48
   Cast: Sandblast         ||     9
   Stab: Sleeping          ||     3
 Armour: Robe              ||    20
  Dodge: Dodged            ||    27
